 Dungeon Crawl Stone Soup version 0.18.1-50-g88ac8fd (webtiles) character file.

826 Korbac the Ruffian (level 7, -11/61 HPs)
             Began as a Ghoul Monk on Oct 16, 2016.
             Shot with an arrow by a centaur (14 damage)
             ... on level 5 of the Dungeon.
             The game lasted 00:17:31 (2909 turns).

Korbac the Ruffian (Ghoul Monk)                     Turns: 2909, Time: 00:17:31

Health: -11/61     AC:  3    Str: 16    XL:     7   Next: 96%
Magic:  6/6        EV: 14    Int:  5    God:    Xom [..*...]
Gold:   280        SH:  0    Dex: 12    Spells: 0 memorised, 6 levels left

rFire  . . .     SeeInvis .       - Unarmed
rCold  + . .     Gourm    .     a - +1 robe
rNeg   + + +     Faith    .     (no shield)
rPois  ∞         Spirit   .     (no helmet)
rElec  .         Dismiss  .     (no cloak)
rCorr  .         Reflect  .     (no gloves)
SustAt .         Harm     .     (no boots)
MR     .....                    (no amulet)
Stlth  ++........               (no ring)
                                (no ring)

@: very slightly contaminated, rotting, not resistant to hostile enchantments,
unstealthy
A: rotting body, claws 1, carnivore 3, cold resistance 1, negative energy
resistance 3, slow regeneration 1, torment resistance, unbreathing
a: Renounce Religion


You were on level 5 of the Dungeon.
You worshipped Xom.
You were a toy of Xom.
You were not hungry.

You visited 1 branch of the dungeon, and saw 5 of its levels.

You collected 280 gold pieces.

Inventory:

Hand Weapons
 h - a +2 dagger of speed (quivered)
Armour
 a - a +1 robe (worn)
Jewellery
 f - an uncursed ring of flight
 x - a cursed ring of loudness {unknown}
 y - an uncursed ring of see invisible {unknown}
Wands
 e - a wand of enslavement (14/24)
 t - a wand of iceblast (9/15)
 u - a wand of iceblast (11/15)
Scrolls
 d - a scroll of recharging {unknown}
 i - 2 scrolls of teleportation
 j - a scroll of immolation {unknown}
 m - a scroll of fear {unknown}
 n - 2 scrolls of noise {unknown}
 o - 2 scrolls of remove curse
 p - a scroll of enchant armour
 q - a scroll of amnesia {unknown}
Potions
 g - a potion of cure mutation
 k - 2 potions of curing {unknown}
 w - a potion of brilliance {unknown}
Comestibles
 b - 2 meat rations
 s - 3 bread rations
 v - 2 beef jerkies


   Skills:
 * Level 5.5 Fighting
 * Level 5.6 Dodging
 - Level 2.1 Stealth
 * Level 7.3 Unarmed Combat


You had 6 spell levels left.
You didn't know any spells.

Dungeon Overview and Level Annotations

Branches:
Dungeon (5/15)             Temple (0/1) D:4

Altars:
Gozag
Kikubaaqudgha
Nemelex Xobeh
Xom


Innate Abilities, Weirdness & Mutations

Your body is rotting away.
You thrive on raw meat.
You are immune to poison.
You have sharp fingernails.
You are carnivorous and can eat meat at any time.
Your flesh is cold resistant.
You are immune to negative energy.
You regenerate slowly when monsters are visible.
You are immune to unholy pain and torment.
You can survive without breathing.


Message History

The centaur shoots an arrow.
The arrow closely misses you.
You see here an arrow.
Xom smirks.
You detect nothing.
The centaur shoots an arrow.
The arrow hits you!
* * * LOW HITPOINT WARNING * * *
You see here an arrow.
You see here 2 arrows.
The centaur shoots an arrow.
The arrow barely misses you.
You see here an arrow.
Drink which item? (? for menu, Esc to quit)
Okay, then.
The centaur shoots an arrow.
The arrow hits you!
You die... "Not here, not now."
Xom revives you!
You see here an arrow.
Unknown command.
The centaur shoots an arrow.
The arrow hits you!
You die...
Xom giggles madly!

*
**#############
,,......c.((c.#
**###########(##
#).# ##.# #.##
#.(## *** **
##.@###### *,**
,*** ##..(...#
*,,* ,,,***
##.###.# **,*
,,,,,** #.##*,*
*,* ***,,,***
#..#*,* *,***
*,,,,,***
#..##,*** *,,,*
**<.#...#*
#...#,,,** ***,*
**......**
#.#.#**,,* *,**
*#.....,* #[#.#
**,* *,,,


You could see a centaur.

Vanquished Creatures
  A two-headed ogre (D:4)
  A phantom (D:5)
  An ogre (D:4)
  A howler monkey (D:4)
  A crimson imp (D:5)
  A hound (D:3)
  2 giant frog skeletons
  An orc wizard (D:3)
  A centaur skeleton (D:4)
  2 worker ants (D:4)
  A hound zombie (D:5)
  A howler monkey skeleton (D:4)
  6 adders
  4 gnolls
  3 worms
  4 dart slugs
  2 giant geckos
  16 orcs
  3 giant cockroaches
  4 goblins
  4 hobgoblins
  A quokka (D:2)
  A ball python (D:4)
  3 bats
  3 giant newts
  4 kobolds
  4 rats
76 creatures vanquished.

Notes
Turn   | Place    | Note
--------------------------------------------------------------
     0 | D:1      | Korbac the Ghoul Monk began the quest for the Orb.
     0 | D:1      | Reached XP level 1. HP: 19/19 MP: 0/0
   221 | D:1      | Reached XP level 2. HP: 4/26 MP: 1/1
   866 | D:2      | Reached skill level 5 in Unarmed Combat
   866 | D:2      | Reached XP level 3. HP: 31/31 MP: 2/2
  1111 | D:2      | Found an ancient bone altar of Kikubaaqudgha.
  1319 | D:3      | Reached XP level 4. HP: 34/40 MP: 3/3
  1442 | D:3      | HP: 2/40 [gnoll/whip (6)]
  1606 | D:3      | Reached XP level 5. HP: 31/45 MP: 4/4
  1790 | D:3      | Reached skill level 6 in Unarmed Combat
  1990 | D:4      | Reached XP level 6. HP: 23/53 MP: 5/5
  2204 | D:4      | Found a staircase to the Ecumenical Temple.
  2279 | D:4      | Noticed a two-headed ogre
  2376 | D:4      | Killed a two-headed ogre
  2376 | D:4      | Reached skill level 5 in Fighting
  2376 | D:4      | Reached skill level 5 in Dodging
  2376 | D:4      | Reached XP level 7. HP: 18/61 MP: 6/6
  2426 | D:4      | Found a shimmering altar of Xom.
  2430 | D:4      | Became a worshipper of Xom of Chaos
  2640 | D:4      | Found an opulent altar of Gozag.
  2663 | D:4      | Reached skill level 7 in Unarmed Combat
  2719 | D:4      | XOM: harmless Trmt miscast
  2750 | D:5      | Entered Level 5 of the Dungeon
  2777 | D:5      | XOM: silly message
  2824 | D:5      | XOM: divination: detect creatures
  2830 | D:5      | Found a sparkling altar of Nemelex Xobeh.
  2867 | D:5      | XOM: divination: magic mapping
  2902 | D:5      | XOM: divination: detect creatures
  2908 | D:5      | Xom revived you
  2909 | D:5      | Shot with an arrow by a centaur

Skill      XL: |  1  2  3  4  5  6  7 |
---------------+----------------------+-----
Unarmed Combat | 5 6 7 |  7.3
Dodging        | 3 4 5 |  5.6
Fighting       | 4 5 |  5.5
Stealth        | |  2.1

Action                   |  1- 3 |  4- 6 |  7- 9 || total
-------------------------+-------+-------+-------++-------
Melee: Unarmed           |    62 |   153 |    68 ||   283
       Punch             |     2 |     1 |     5 ||     8
  Use: Scroll            |     1 |     3 |     5 ||     9
       Potion            |       |     3 |       ||     3
 Stab: Sleeping          |     4 |       |       ||     4
       Distracted        |       |     1 |       ||     1
  Eat: Chunk             |    12 |    23 |    10 ||    45
Armor: Robe              |     4 |    15 |    11 ||    30
Dodge: Dodged            |    33 |    93 |    39 ||   165
